 Dungeon Crawl Stone Soup version 0.25.1-2-g60ff931df9 (webtiles) character file.

Game seed: 6536986212894716071

63 MisterFreud the Chiller (level 3, 0/24 HPs)
             Began as a Demonspawn Ice Elementalist on Aug 18, 2020.
             Slain by a worker ant (6 damage)
             ... on level 3 of the Dungeon.
             The game lasted 00:02:59 (2328 turns).

MisterFreud the Chiller (DsIE)                      Turns: 2328, Time: 00:03:00

Health: 0/24       AC:  2    Str:  8    XL:     3   Next: 87%
Magic:  3/6        EV: 12    Int: 17    God:
Gold:   131        SH:  0    Dex: 15    Spells: 2/6 levels left

rFire    . . .     SeeInvis .   i - +0 short sword (speed)
rCold    . . .     Gourm    .   (no shield)
rNeg     . . .     Faith    .   a - +0 robe
rPois    .         Spirit   .   (no helmet)
rElec    .         Reflect  .   (no cloak)
rCorr    .         Harm     .   (no gloves)
MR       .....                  (no boots)
Stlth    ++........             (no amulet)
HPRegen  0.08/turn              (no ring)
MPRegen  0.10/turn              (no ring)

@: lethally poisoned (0 -> -12), frozen ramparts
A: thin skeletal structure 1
a: no special abilities


You were on level 3 of the Dungeon.
You were not hungry.

You visited 1 branch of the dungeon, and saw 3 of its levels.

You collected 131 gold pieces.

Inventory:

Hand Weapons
 i - a +0 short sword of speed (weapon)
Missiles
 f - 6 boomerangs (quivered)
 h - 35 poisoned darts
Armour
 a - a +0 robe (worn)
Scrolls
 d - a scroll of remove curse {unknown}
 j - a scroll of identify {unknown}
 k - 2 scrolls of amnesia {unknown}
 n - a scroll of enchant armour {unknown}
 o - a scroll of magic mapping {unknown}
 p - a scroll of immolation {unknown}
 q - a scroll of fog {unknown}
 s - a scroll of teleportation {unknown}
Potions
 e - a potion of stabbing {unknown}
 g - a potion of brilliance {unknown}
 l - a potion of curing {unknown}
 m - a potion of lignification {unknown}
 r - 2 potions of heal wounds {unknown}
Comestibles
 b - 2 chunks of flesh
 c - 4 rations


   Skills:
 - Level 1.7 Dodging
 - Level 1.7 Stealth
 + Level 2.1 Spellcasting
 - Level 5.0 Ice Magic


You had 2 spell levels left.
You knew the following spells:

 Your Spells              Type           Power        Failure   Level  Hunger
a - Freeze                Ice            ###.         2%          1    #......
b - Frozen Ramparts       Ice            ###...       8%          3    ###....

Your spell library contained the following spells:

 Spells                   Type           Power        Failure   Level  Hunger
 Ozocubu's Armour         Chrm/Ice       ##......     21%         3    ###....
 Hailstorm                Conj/Ice       ##......     56%         4    #####..
 Summon Ice Beast         Ice/Summ       ##......     56%         4    #####..


Dungeon Overview and Level Annotations

Branches:
Dungeon (3/15)

Altars:


Innate Abilities, Weirdness & Mutations

You have a somewhat thin skeletal structure. (Dex +2, Stealth)


Message History

You hit the worker ant but do no damage.
The worker ant bites you.
Casting: Freeze (safe; 2% risk of failure)
Confirm with . or Enter, or press ? or * to list all spells.
The spell is quite dangerous to cast (8% risk of failure)!
Continue anyway?
The walls around you are covered in ice.
The wall freezes the worker ant.
The worker ant bites you.
You are poisoned.
The worker ant poisons you!
You feel sick.
The wall freezes the worker ant.
You feel sick.
The wall freezes the worker ant.
You see here a scroll labeled FYUF PATESOONO.
The wall freezes the worker ant.
The worker ant waves its antennae.
The worker ant bites you!
* * * LOW HITPOINT WARNING * * *
You are more poisoned.
The worker ant poisons you!
The wall freezes the worker ant.
The worker ant bites you.
You die...

#.# #.# #.#
#.# #.# #.#
#####.####...
#............
##.##@###....
#..$a?# ..
##....#
#........
##..#.#.#.#
#....#.#
#..#.# #
#..#.# #..#.#


You could see a worker ant.

Vanquished Creatures
  An adder (D:2)
  An ooze (D:2)
  2 worms (D:2)
  A dart slug (D:1)
  5 giant cockroaches
  5 goblins
  8 hobgoblins
  4 kobolds
  5 bats
  4 frilled lizards (D:1)
  6 rats
42 creatures vanquished.

Notes
Turn   | Place    | Note
-------+----------+-------------------------------------------
     0 | D:1      | MisterFreud the Demonspawn Ice Elementalist began the quest
                  | for the Orb.
     0 | D:1      | Reached XP level 1. HP: 13/13 MP: 3/3
   428 | D:1      | Reached skill level 4 in Ice Magic
   671 | D:1      | Gained mutation: You have a somewhat thin skeletal
                  | structure. (Dex +2, Stealth) [demonic ancestry]
   671 | D:1      | Reached XP level 2. HP: 18/19 MP: 3/5
  1192 | D:2      | Reached XP level 3. HP: 24/24 MP: 4/6
  1197 | D:2      | Learned a level 3 spell: Frozen Ramparts
  1580 | D:2      | Found a faded altar of an unknown god.
  1858 | D:2      | Reached skill level 5 in Ice Magic
  2328 | D:3      | Slain by a worker ant

Illustrated notes

Levels and vault maps discovered:
D:1:      evilmike_arrival_crescent, layout_basic
D:2:      layout_basic, chequers_ecumenical_altar_island
D:3:      layout_basic, gammafunk_temple_overflow_elements,
          gammafunk_ghost_split

Skill      XL: |  1  2  3 |
---------------+----------+-----
Ice Magic      | 4 5 |  5.0
Dodging        | |  1.7
Stealth        | |  1.7
Spellcasting   | |  2.1

Action                   || total
-------------------------++-------
Melee: Unarmed           ||    19
       Short sword       ||    40
 Cast: Freeze            ||    37
       Frozen Ramparts   ||     4
 Stab: Sleeping          ||     5
  Eat: Chunk             ||     5
Armor: Robe              ||    12
Dodge: Dodged            ||    60
